Unix NetHack Version 5.0.0-0 post-release - last build Jun 10 2026 00:39:30 (3ee93aec679c4c4259841fe613dc97188e26a321,branch:main).

Game began 2026-06-28 18:16:44, ended 2026-06-28 18:27:03.

HenriqueII, lawful male human Archeologist

            -------
            |.....|
            |..<...
            --.-.--
              ################d--##

HenriqueII the Field Worker  St:14 Dx:7 Co:17 In:13 Wi:15 Ch:9  Lawful
Dlvl:5  $:2516 HP:0(29) Pw:15(15) AC:6  Xp:3 T:2128 

Latest messages:
 Thwack!!
 In what direction? l
 Whammm!!
 In what direction? l
 Whammm!!
 You hear the footsteps of a guard on patrol.
 In what direction? l
 Whammm!!
 In what direction? l
 As you kick the door, it crashes open!
 In what direction? j
 Whammm!!
 In what direction? j
 Whammm!!
 In what direction? j
 Thwack!!
 In what direction? j
 As you kick the door, it crashes open!
 Something is written here in the dust.
 You read: "Closed for inventory".
 You start digging.
 You hit the rock with all your might.
 You succeed in cutting away some rock.
 $ - 386 gold pieces (896 in total).
 $ - 581 gold pieces (1477 in total).
 $ - 479 gold pieces (1956 in total).
 $ - 560 gold pieces (2516 in total).
 You kill the newt!
 There's some graffiti on the floor here.
 You read: "A cood arul?t may prctect you a?ain?  guards".
 You swap places with your little dog.
 You swap places with your little dog.
 You swap places with your little dog.
 You hear the footsteps of a guard on patrol.
 You descend the stairs.
 G - a milky potion.
 In what direction? <esc>
 In what direction? j
 Whammm!!
 In what direction? j
 As you kick the door, it crashes open!
 You hear convulsive ravings.
 You hear a distant explosion.
 You find a hidden passage.
 You hear a horn being played nearby.
 The bolt of cold whizzes by you!
 You hear a horn being played nearby.
 The bolt of cold hits you!
 You die...
 Do you want your possessions identified? [ynq] (y) q

Inventory:
 Coins    ('$')
  $ - 2516 gold pieces
 Weapons  (')')
  B - 9 +0 shuriken
  a - a +2 bullwhip
 Armor    ('[')
  c - an uncursed +0 fedora (being worn)
  n - an uncursed +0 cloak of protection (being worn)
  b - an uncursed +0 leather jacket (being worn)
 Comestibles  ('%')
  y - an uncursed slime mold
  x - an uncursed cram ration
  F - an uncursed partly eaten cram ration
  z - an uncursed cream pie
  w - 5 uncursed food rations
  v - 2 uncursed tripe rations
 Scrolls  ('?')
  h - an uncursed scroll of confuse monster
  r - an uncursed scroll of light
  D - an uncursed scroll of stinking cloud
 Potions  ('!')
  G - an uncursed potion of blindness
  A - a cursed potion of fruit juice
  C - an uncursed potion of gain energy
  j - an uncursed potion of healing
  k - 2 cursed potions of healing
  u - an uncursed potion of speed
 Wands    ('/')
  E - a wand of light (0:12)
 Tools    ('(')
  S - an empty uncursed sack
  p - a +0 pick-axe (weapon in right hand)
  i - an uncursed tin opener
  f - a tinning kit (0:32)
 Gems/Stones  ('*')
  t - 2 uncursed touchstones

HenriqueII the Archeologist's attributes:

Background:
 You were a Field Worker, a level 3 male human Archeologist.
 You were lawful, nominally on a mission for Quetzalcoatl
 who was opposed by Camaxtli (neutral) and Huhetotl (chaotic).
 You were right-handed.
 You were in the Dungeons of Doom, on level 5.
 You entered the dungeon 2128 turns ago.
 You had 53 experience points, 27 more were needed to attain level 4.

Basics:
 You had 0 out of 29 hit points.
 You had all 15 energy points (spell power).
 Your armor class was 6.
 Your wallet contained 2516 zorkmids.
 Autopickup was on for '$!?/="' plus thrown, with exceptions.

Final Characteristics:
 Your strength was 14 (limit:18/100).
 Your dexterity was 7 (limit:18).
 Your constitution was 17 (limit:18).
 Your intelligence was 13 (limit:18).
 Your wisdom was 15 (limit:18).
 Your charisma was 9 (limit:18).

Final Status:
 You weren't hungry.
 You were unencumbered.
 You were wielding a pick-axe.
 You had basic skill with pick-axe.

Final Attributes:
 You were piously aligned.
 You had automatic searching.
 You were protected.
 You were lucky.
 You are dead.

Miscellaneous:
 You didn't encounter any bones levels.
 Total elapsed playing time was 10 minutes and 17 seconds.

Major events:
 Turn
    1: HenriqueII the lawful male human Archeologist entered the dungeon
 1201: entered the Gnomish Mines
 1748: attained the rank of Field Worker (level 3)
 2128: killed by a bolt of cold played by a werejackal

You didn't know any spells.

Skills:
 Fighting Skills
   bare handed combat [Unskilled]
   two weapon combat  [Unskilled]
   riding             [Unskilled]
 Weapon Skills
   dagger             [Unskilled]
   knife              [Unskilled]
   pick-axe           [Basic]
   short sword        [Unskilled]
   saber              [Unskilled]
   club               [Unskilled]
   quarterstaff       [Unskilled]
   sling              [Unskilled]
   dart               [Unskilled]
   boomerang          [Unskilled]
   whip               [Basic]
   unicorn horn       [Unskilled]
 Spellcasting Skills
   attack spells      [Unskilled]
   healing spells     [Unskilled]
   divination spells  [Unskilled]
   matter spells      [Unskilled]

Voluntary challenges:
 Character rerolling was not enabled.
 You were an atheist.
 You never genocided any monsters.
 You never polymorphed an object.
 You never changed form.
 You used no wishes.
Achievements:
 You entered the Gnomish Mines.
 You entered a shop.
 You attained the rank of Field Worker.

 The Dungeons of Doom: levels 1 to 5
    Level 1:
       A fountain.
    Level 2:
       A food shop, some fountains.
       Stairs down to The Gnomish Mines.
    Level 3:
       A fountain.
    Level 4:
    Level 5: <- You were here.
       Final resting place for
          you, killed by a bolt of cold played by a werejackal.
 The Gnomish Mines:
    Level 3:


Vanquished creatures:
  a giant bat
 an iguana
 an acid blob
  a giant rat
  a gnome
  2 geckos
  6 jackals
  2 kobolds
  5 goblins
  3 grid bugs
  2 lichens
  2 kobold zombies
 11 newts
38 creatures vanquished.

No species were genocided or became extinct.

Game over:
                       ----------
                      /          \
                     /    REST    \
                    /      IN      \
                   /     PEACE      \
                  /                  \
                  |    HenriqueII    |
                  |     2516 Au      |
                  | killed by a bolt |
                  |  of cold played  |
                  | by a werejackal  |
                  |                  |
                  |       2026       |
                 *|     *  *  *      | *
        _________)/\\_//(\/(/\)/\//\/|_)_______

Goodbye HenriqueII the Archeologist...

You died in The Dungeons of Doom on dungeon level 5 with 2697 points,
and 2516 pieces of gold, after 2128 moves.
You were level 3 with a maximum of 29 hit points when you died.

